 Dungeon Crawl Stone Soup version 0.28.0-45-g0d030f2227 (webtiles) character file.

Game seed: 9442218236385334491

7 psko the Sneak (level 1, -2/9 HPs)
             Began as a Spriggan Enchanter on Apr 9, 2022.
             Killed from afar by a dart slug (4 damage)
             ... with a slug dart
             ... on level 1 of the Dungeon.
             The game lasted 00:01:08 (232 turns).

psko the Sneak (Spriggan Enchanter)                  Turns: 232, Time: 00:01:08

Health: -2/9       AC:  2    Str:  4    XL:     1   Next: 83%
Magic:  5/5        EV: 17    Int: 16    God:
Gold:   0          SH:  0    Dex: 15    Spells: 5/5 levels left

rFire   . . .      SeeInvis +   a - +1 dagger
rCold   . . .      Faith    .   (no shield)
rNeg    . . .      Spirit   .   b - +0 robe
rPois   .          Reflect  .   (helmet restricted)
rElec   .          Harm     .   (no cloak)
rCorr   .          Rampage  .   (gloves unavailable)
Will    .....                   (boots unavailable)
Stlth   +++.......              (no amulet)
HPRegen 0.03/turn               (no ring)
MPRegen 0.09/turn               (no ring)

@: very quick
A: very small, no large weapons, unfitting armour, see invisible, speed 3
a: no special abilities


You were on level 1 of the Dungeon.
You visited 1 branch of the dungeon, and saw 1 of its levels.

Inventory:

Hand Weapons
 a - a +1 dagger (weapon)
Armour
 b - a +0 robe (worn)
Potions
 c - a potion of invisibility
 d - a potion of mutation {unknown}
 e - a potion of degeneration {unknown}
 f - a potion of resistance {unknown}


   Skills:
 + Level 1.3 Short Blades
 + Level 2.7 Dodging
 + Level 4.7 Stealth
 + Level 2.9 Spellcasting
 + Level 3.7 Hexes


You had 5 spell levels left.
You didn't know any spells.
Your spell library contained the following spells:

 Spells                   Type           Power      Damage    Failure   Level
 Confusing Touch          Hex            14%        N/A       12%         3
 Tukima's Dance           Hex            14%        N/A       12%         3
 Ensorcelled Hibernation  Hex/Ice        16%        N/A       13%         2
 Dazzling Flash           Conj/Hex       16%        N/A       26%         3


Dungeon Overview and Level Annotations

Branches:
Dungeon (1/15)

Altars:


Innate Abilities, Weirdness & Mutations

You are very small and have problems with some larger weapons.
You are too small for most types of armour.
You have supernaturally acute eyesight. (SInv)
You cover ground extremely quickly. (Speed+++)


Message History

Things that are here:
a +0 dagger; 3 stones The bat closely misses you.
You closely miss the bat.
The bat is heavily wounded.
The bat hits you but does no damage. The bat hits you.
You hit the bat.
The bat is severely wounded.
The bat hits you but does no damage. The bat misses you.
You hit the bat.
You kill the bat!
Things that are here:
a +0 dagger; 3 stones You see here a ball python corpse.
e - an inky potion You see here a ball python corpse.
Things that are here:
a +0 dagger; 3 stones
f - a golden potion A dart slug comes into view.
You hit the dart slug but do no damage.
The dart slug briefly extends its eye-stalks.
The dart slug misses you.
You hit the dart slug.
The dart slug is moderately wounded.
The dart slug launches a dart at you. The slug dart hits you.
* * * LOW HITPOINT WARNING * * *
You hit the dart slug.
The dart slug is moderately wounded.
You hit the dart slug.
The dart slug is heavily wounded.
The dart slug launches a dart at you. The slug dart misses you.
You hit the dart slug.
The dart slug is severely wounded.
The dart slug launches a dart at you. The slug dart hits you.
You die...

####.#####
#.#.#.#
......(..#
#.....#
####.###.#
#.....#
#.#
#.#.#.#
#.#
#.....#
#.#
#.....#
#.#
#.#.#.#
####.#
#.....#
.....#
#..@w.#
######
#.......#
#########


You could see a dart slug.

Vanquished Creatures
  A ball python (D:1)
  A bat (D:1)
  A goblin (D:1)
  A kobold (D:1)
  A frilled lizard (D:1)
  A rat (D:1)
6 creatures vanquished.

Notes
Turn   | Place    | Note
-------+----------+-------------------------------------------
     0 | D:1      | psko the Spriggan Enchanter began the quest for the Orb.
     0 | D:1      | Reached XP level 1. HP: 9/9 MP: 5/5
   232 | D:1      | Killed from afar by a dart slug

Illustrated notes

Levels and vault maps discovered:
D:1:      eino_arrival_tree_alley, layout_loops_ring, st_stairs_14,
          chequers_serial_rivers_micro_b, minmay_misc_feat_x,
          columned_hall_lemuel, minmay_tromino_v7

Action                   || total
-------------------------++-------
Melee: Dagger            ||    33
 Stab: Sleeping          ||     1
Armor: Robe              ||     9
Dodge: Dodged            ||    43
